 Dungeon Crawl Stone Soup version 0.27.1-34-g3ba077fa99 (webtiles) character file.

Game seed: 11486994513647949623

9 Sharkman1231 the Grasshopper (level 2, -1/22 HPs)
             Began as a Demonspawn Warper on Jan 18, 2022.
             Slain by a quokka (2 damage)
             ... on level 1 of the Dungeon.
             The game lasted 00:00:26 (269 turns).

Sharkman1231 the Grasshopper (Demonspawn Warper)     Turns: 269, Time: 00:00:27

Health: -1/22      AC:  3    Str: 11    XL:     2   Next: 3%
Magic:  5/5        EV: 11    Int: 14    God:
Gold:   10         SH:  0    Dex: 12    Spells: 5/5 levels left

rFire    . . .     SeeInvis .   a - +0 mace
rCold    . . .     Faith    .   (no shield)
rNeg     . . .     Spirit   .   b - +0 leather armour
rPois    .         Reflect  .   (no helmet)
rElec    .         Harm     .   (no cloak)
rCorr    .         Rampage  .   (no gloves)
Will     .....                  (no boots)
Stlth    +.........             (no amulet)
HPRegen  0.07/turn              (no ring)
MPRegen  0.09/turn              (no ring)

@: no status effects
A: ignite blood 1
a: no special abilities


You were on level 1 of the Dungeon.
You visited 1 branch of the dungeon, and saw 1 of its levels.

You collected 10 gold pieces.

Inventory:

Hand Weapons
 a - a +0 mace (weapon)
Missiles
 d - 4 boomerangs of dispersal (quivered)
Armour
 b - a +0 leather armour (worn)
 g - a +0 helmet
Scrolls
 c - a scroll of blinking
 h - a scroll of immolation
Potions
 e - a potion of attraction {unknown}
 f - a potion of heal wounds {unknown}


   Skills:
 + Level 2.2 Fighting
 + Level 2.0 Maces & Flails
 - Level 0.8 Throwing
 - Level 0.8 Armour
 + Level 2.0 Dodging
 - Level 2.0 Spellcasting
 + Level 2.8 Translocations


You had 5 spell levels left.
You didn't know any spells.
Your spell library contained the following spells:

 Spells                   Type           Power      Damage    Failure   Level
 Blink                    Tloc           N/A        N/A       14%         2
 Gell's Gravitas          Tloc           4%         N/A       28%         3
 Lesser Beckoning         Tloc           4%         N/A       28%         3
 Teleport Other           Tloc           9%         N/A       28%         3
 Manifold Assault         Tloc           9%         N/A       95%         5


Dungeon Overview and Level Annotations

Branches:
Dungeon (1/15)

Altars:


Innate Abilities, Weirdness & Mutations

Your demonic aura sometimes causes spilled blood to erupt in flames.


Message History

You kill the bat!
Your Dodging skill increases to level 2!
You have reached level 2!
Your demonic ancestry asserts itself...
Your blood heats up.
A goblin comes into view. It is wielding a +0 dagger.
The goblin shouts!
You hear a shout!
A hobgoblin and a gnoll come into view.
The gnoll shouts!
The hobgoblin shouts!
The hobgoblin moves out of view.
There is a faded altar of an unknown god here.
You see here a scroll of immolation.
h - a scroll of immolation The goblin misses you.
You see here a hobgoblin corpse.
You barely miss the goblin. The goblin hits you with a +0 dagger.
You closely miss the goblin. The goblin barely misses you.
The goblin completely misses you.
You barely miss the goblin. The goblin hits you with a +0 dagger.
You miss the goblin. The goblin barely misses you.
You hit the goblin but do no damage. The goblin hits you but does no damage.
You thump the goblin!
You kill the goblin!
The gnoll closely misses you.
You closely miss the gnoll. The gnoll hits you with a +0 club.
Throw: 5 boomerangs (disperse)
Press: ? - help, Q - select action Shift-Dir - straight line, f - gnoll
Aim: a gnoll, wielding a +0 club (61% to hit)
You throw a boomerang of dispersal.
The boomerang of dispersal hits the gnoll but does no damage.
The gnoll hits you with a +0 club.
* * * LOW HITPOINT WARNING * * *
Found 32 bolts.
A quokka comes into view.
You hit the quokka.
The quokka is severely wounded.
The quokka misses you. The gnoll hits you with a +0 club.
* * * LOW HITPOINT WARNING * * *
The quokka bites you.
You die...

... .##(# #.# ##. #.. ...#
#.##########. .. # #..#
#.##.g.g..†.. .. .# #..#
#.##.######.. #. .#
#..###.##.# #..
####.####.# #.........#
#!# ..##.#....##.#
##g###.#### #.#
#.##.........#.##g# #.###
#.# #.###.#.######.r@.#
#...# #.#
#.##.###.#####.#### ###.#
#.# #...## ##....#.### #.#
#### # #.##.###.###.....#
##.##..... . #..##.#.##
#.###.#####.........
#..###.## #.#
#....).(.##..... ...# #.#
#.###.###)>......... ##.#
#.#####.....###.##.##.....
##.# #....................
....


You could see a gnoll, a quokka and a hobgoblin.

Vanquished Creatures
  An endoplasm (D:1)
  2 goblins (D:1)
  A hobgoblin (D:1)
  2 kobolds (D:1)
  A bat (D:1)
  2 rats (D:1)
9 creatures vanquished.

Notes
Turn   | Place    | Note
-------+----------+-------------------------------------------
     0 | D:1      | Sharkman1231 the Demonspawn Warper began the quest for the
                  | Orb.
     0 | D:1      | Reached XP level 1. HP: 16/16 MP: 3/3
   206 | D:1      | Found a faded altar of an unknown god.
   229 | D:1      | Gained mutation: Your demonic aura sometimes causes spilled
                  | blood to erupt in flames. [demonic ancestry]
   229 | D:1      | Reached XP level 2. HP: 14/22 MP: 5/5
   269 | D:1      | HP: 1/22 [gnoll (5)]
   269 | D:1      | Slain by a quokka

Illustrated notes

Levels and vault maps discovered:
D:1:      scummos_arrival_star, layout_loops_ring,
          hellmonk_ecumenical_altar_blasted

Skill      XL: |  1 |
---------------+----+-----
Maces & Flails | 2 |  2.0
Dodging        | 2 |  2.0
Fighting       | |  2.2
Throwing       | |  0.8
Armour         | |  0.8
Spellcasting   | |  2.0
Translocations | |  2.8

Action                   || total
-------------------------++-------
Melee: Mace              ||    39
Throw: Boomerang         ||     1
Armor: Leather armour    ||    15
Dodge: Dodged            ||    32
